 Dungeon Crawl Stone Soup version 0.28.0-45-g0d030f2227 (webtiles) character file.

Game seed: 9829064483932711318

2710 sanboga the Chopper (level 9, 0/57 HPs)
             Began as a Gargoyle Fighter on Apr 4, 2022.
             Was an Initiate of Trog.
             Killed by divine providence
             ... invoked by an orc priest
              (14 damage)
             ... on level 7 of the Dungeon.
             The game lasted 00:08:17 (7729 turns).

sanboga the Chopper (Gargoyle Fighter)              Turns: 7729, Time: 00:08:18

Health: 0/57       AC: 24    Str: 24    XL:     9   Next: 66%
Magic:  9/9        EV:  6    Int:  9    God:    Trog [......]
Gold:   271        SH:  5    Dex:  9    Spells: 8/8 levels left

rFire   . . .      SeeInvis +   a - +0 war axe
rCold   . . .      Faith    .   c - +0 buckler
rNeg    + . .      Spirit   .   f - +0 plate armour
rPois   ∞          Reflect  .   t - +0 helmet
rElec   +          Harm     .   w - +0 cloak
rCorr   .          Rampage  +   (no gloves)
Will    .....                   h - +1 pair of boots {rampage}
Stlth   ..........              (no amulet)
HPRegen 0.19/turn               m - ring of see invisible
MPRegen 0.11/turn               (no ring)

@: no status effects
A: sickness immunity, AC +6, negative energy resistance 1, electricity
resistance, torment resistance 1, petrification resistance
a: Renounce Religion


You were on level 7 of the Dungeon.
You worshipped Trog.
Trog was noncommittal.
You visited 2 branches of the dungeon, and saw 8 of its levels.

You collected 271 gold pieces.

Inventory:

Hand Weapons
 a - a +0 war axe (weapon)
Armour
 c - a +0 buckler (worn)
 f - a +0 plate armour (worn)
 h - a +1 pair of boots of rampaging (worn)
 t - a +0 helmet (worn)
 w - a +0 cloak (worn)
Jewellery
 m - a ring of see invisible (left hand)
 q - a ring of ice
Wands
 y - a wand of acid (12)
Scrolls
 b - a scroll of fog
 e - 4 scrolls of teleportation
 g - a scroll of noise {unknown}
 i - a scroll of amnesia {unknown}
 p - a scroll of vulnerability {unknown}
 r - a scroll of identify {unknown}
 u - a scroll of fear {unknown}
 x - a scroll of immolation {unknown}
Potions
 d - 3 potions of might
 j - a potion of curing
 k - 3 potions of flight {unknown}
 l - a potion of magic {unknown}
 n - 2 potions of ambrosia {unknown}
 o - a potion of brilliance {unknown}
 s - 2 potions of attraction {unknown}
 v - a potion of mutation {unknown}


   Skills:
 + Level 7.1 Fighting
 * Level 7.7 Axes
 + Level 7.1 Armour
 + Level 7.1 Shields


You had 8 spell levels left.
You didn't know any spells.
Your spell library contained the following spells:

 Spells                   Type           Power      Damage    Failure   Level
 Summon Lightning Spire   Summ/Air       0%         N/A       100%        4
 Storm Form               Tmut/Air       0%         N/A       100%        7
 Maxwell's Capacitive Co  Air            0%         ∞         100%        8


Dungeon Overview and Level Annotations

Branches:
Dungeon (7/15)             Temple (1/1) D:6

Altars:
Cheibriados
Dithmenos
Elyvilon
Hepliaklqana
Kikubaaqudgha
Makhleb
Nemelex Xobeh
Okawaru
Ru
Trog
Uskayaw
Vehumet
Wu Jian
Xom
Yredelemnul
Zin
The Shining One


Innate Abilities, Weirdness & Mutations

You are immune to sickness and miasma.
Your stone body is resilient. (AC +6)
You are immune to poison.
You resist negative energy. (rN+)
You are resistant to electric shocks. (rElec)
You are resistant to unholy torment.
You are immune to petrification.


Message History

The orc warrior shouts!
You rampage towards the gnoll sergeant! 2 gnolls and an ogre come into view.
Found a robe.
Found an escape hatch in the floor.
The ogre shouts!
You slash the gnoll sergeant!
The gnoll sergeant is moderately wounded.
You hear a shout!
A kobold comes into view. It is wielding a +0 whip.
The orc priest calls down the wrath of Beogh upon you.
Beogh smites you!
The orc priest looks braver for a moment.
The kobold moves out of view.
You slash the gnoll sergeant!
The gnoll sergeant is severely wounded.
The gnoll sergeant hits you with a +5 vorpal trident.
A kobold comes into view. It is wielding a +0 dagger.
A kobold comes into view.
It is wielding a +3 short sword of venom.
The orc wizard gestures wildly while chanting.
The orc wizard flickers and vanishes for a moment.
The gnoll sergeant hits you with a +5 vorpal trident.
You slash the gnoll sergeant!
You kill the gnoll sergeant!
Trog accepts your kill. The gnoll hits you but does no damage.
You slash the gnoll!
The gnoll is almost dead.
The gnoll hits you but does no damage.
You closely miss the gnoll.
The gnoll is almost dead.
The orc priest calls down the wrath of Beogh upon you.
Beogh smites you!
A kobold comes into view. It is wielding a +0 dagger.
The gnoll hits you but does no damage.
The orc priest mumbles some strange prayers to Beogh against you.
Beogh smites you!
* * * LOW HITPOINT WARNING * * *
The orc priest mumbles some strange prayers to Beogh against you.
Beogh smites you!
You die... ....... s.oo. ggKo ##### go#

######...# ###g#
.........# ##.o.#
######...# #.g###
....##...########.##
....##..........@.#
......#..†....#####
<.............##
...............#
.........>.....#
...............#
...............#
...####+###....#
...# #....#


You could see an orc warrior, 2 orc priests, an orc wizard (invisible), 4
gnolls, an orc and a kobold.

Vanquished Creatures
  Maggie (D:6)
  2 wraiths
  A wyvern (D:7)
  Eustachio (D:4)
  A water moccasin (D:6)
  A sky beast (D:6)
  An orc warrior (D:6)
  A necrophage (D:7)
  2 phantoms
  A bullfrog (D:6)
  A gnoll sergeant (D:7)
  A water moccasin skeleton (D:4)
  4 wights (D:5)
  A howler monkey (D:4)
  A centaur zombie (D:6)
  3 bullfrog zombies
  A bullfrog skeleton (D:6)
  A jelly (D:5)
  An orc priest (D:6)
  3 hounds
  Crazy Yiuf (D:5)
  5 iguanas
  Natasha (thrice) (D:4)
  2 orc wizards (D:6)
  2 killer bee zombies
  2 hound skeletons
  2 howler monkey zombies
  Robin (D:4)
  2 howler monkey skeletons
  7 adders
  6 gnolls
  2 white imps
  An ufetubus (D:7)
  A worm (D:3)
  3 dart slugs (D:1)
  15 orcs
  9 bats
  8 endoplasms
  8 giant cockroaches
  13 goblins
  3 hobgoblins
  4 jackals (D:2)
  3 kobolds
  4 quokkas (D:1)
  8 ball pythons
  3 frilled lizards
  3 rats
150 creatures vanquished.

Vanquished Creatures (others)
  A plant (D:3)
1 creature vanquished.

Grand Total: 151 creatures vanquished

Notes
Turn   | Place    | Note
-------+----------+-------------------------------------------
     0 | D:1      | sanboga the Gargoyle Fighter began the quest for the Orb.
     0 | D:1      | Reached XP level 1. HP: 14/14 MP: 1/1
   108 | D:1      | Reached XP level 2. HP: 19/19 MP: 2/2
   466 | D:1      | Reached XP level 3. HP: 13/23 MP: 3/3
  1063 | D:2      | Reached XP level 4. HP: 22/29 MP: 4/4
  1482 | D:2      | Noticed a phantom
  1496 | D:2      | Killed a phantom
  1497 | D:2      | Reached XP level 5. HP: 18/33 MP: 5/5
  2112 | D:3      | Found a faded altar of an unknown god.
  2932 | D:4      | Reached XP level 6. HP: 39/39 MP: 6/6
  3242 | D:4      | Noticed Robin
  3254 | D:4      | Killed Robin
  3336 | D:4      | Reached XP level 7. HP: 39/44 MP: 7/7
  3428 | D:4      | Noticed Eustachio
  3439 | D:4      | Killed Eustachio
  3440 | D:4      | Reached skill level 5 in Fighting
  3461 | D:4      | Reached skill level 5 in Armour
  3461 | D:4      | Reached skill level 5 in Shields
  3916 | D:4      | Noticed Natasha
  3923 | D:4      | Killed Natasha
  4037 | D:4      | Noticed Natasha
  4045 | D:4      | Killed Natasha
  4046 | D:4      | Reached skill level 5 in Axes
  4620 | D:4      | Noticed Natasha
  4626 | D:4      | Killed Natasha
  4647 | D:5      | Entered Level 5 of the Dungeon
  4842 | D:5      | Found a runed translucent door.
  4843 | D:5      | Noticed Crazy Yiuf
  4880 | D:5      | Reached XP level 8. HP: 28/49 MP: 8/8
  5184 | D:5      | Killed Crazy Yiuf
  5898 | D:5      | Found a white marble altar of Elyvilon.
  6231 | D:6      | HP: 2/51 [orc warrior/+0 long sword (8)]
  6493 | D:6      | Noticed Maggie
  6504 | D:6      | Killed Maggie
  6505 | D:6      | Reached XP level 9. HP: 50/56 MP: 9/9
  6591 | D:6      | Found a shadowy altar of Dithmenos.
  6591 | D:6      | Found an iron altar of Okawaru.
  6591 | D:6      | Found a radiant altar of Vehumet.
  6591 | D:6      | Found a sacrificial altar of Ru.
  6597 | D:6      | Found an ornate altar of the Wu Jian Council.
  6597 | D:6      | Found a burning altar of Makhleb.
  6769 | D:6      | Found a staircase to the Ecumenical Temple.
  6806 | Temple   | Entered the Ecumenical Temple
  6990 | Temple   | Became a worshipper of Trog the Wrathful
  7729 | D:7      | Killed from afar by an orc priest

Illustrated notes

Levels and vault maps discovered:
D:1:      shiori_arrival_maze, layout_rooms, minmay_split_cup_large
D:2:      layout_basic
D:3:      layout_loops_corners, shapermc_ecumenical_altar_venn,
          chequers_big_river
D:4:      layout_basic, minivault_11, uniq_robin, uniq_eustachio, uniq_natasha
D:5:      layout_cave_pools, kennysheep_mini, uniq_crazy_yiuf_cottage
D:6:      layout_gridville, minmay_overflow_temple_hex,
          minmay_temple_entry_hall, uniq_maggie
D:7:      layout_rooms, mainiacjoe_overflow_boulevard, nrook_pool_corridor
Temple:   chequers_temple_sunken

Skill      XL: |  1  2  3  4  5  6  7  8  9 |
---------------+----------------------------+-----
Axes           | 2 3 4 5 6 7 |  7.7
Fighting       | 4 5 6 7 |  7.1
Armour         | 4 5 6 7 |  7.1
Shields        | 4 5 6 7 |  7.1

Action                   |  1- 3 |  4- 6 |  7- 9 || total
-------------------------+-------+-------+-------++-------
Melee: War axe           |    95 |   167 |   280 ||   542
  Use: Scroll            |       |     1 |     3 ||     4
       Potion            |       |       |     4 ||     4
 Stab: Invisible         |       |       |     3 ||     3
Armor: Scale mail        |    54 |    84 |       ||   138
       Chain mail        |       |       |   148 ||   148
       Plate armour      |       |       |    99 ||    99
Dodge: Dodged            |    38 |    96 |   115 ||   249
Block: Buckler           |    14 |    30 |    72 ||   116
